 Dungeon Crawl Stone Soup version 0.29.1-2-gbd0b4ee654 (webtiles) character file.

Game seed: 8415648107823910520

112 kingsuperguy the Chopper (level 4, -4/41 HPs)
             Began as a Minotaur Berserker on Nov 27, 2022.
             Was a Believer of Trog.
             Killed by nerve-wracking pain
             ... invoked by Grinder
              (13 damage)
             ... on level 3 of the Dungeon.
             The game lasted 00:03:44 (2978 turns).

kingsuperguy the Chopper (Minotaur Berserker)       Turns: 2978, Time: 00:03:45

Health: -4/41      AC: 12    Str: 24    XL:     4   Next: 64%
Magic:  3/3        EV:  8    Int:  4    God:    Trog [**....]
Gold:   178        SH:  0    Dex:  9    Spells: 3/3 levels left

rFire   . . .      SeeInvis .   j - +3 hand axe (venom)
rCold   . . .      Faith    .   (no shield)
rNeg    . . .      Spirit   .   q - +0 chain mail
rPois   .          Reflect  .   (helmet restricted)
rElec   .          Harm     .   (no cloak)
rCorr   .          Rampage  .   k - +2 pair of gloves
Will    .....                   (no boots)
Stlth   ..........              (no amulet)
HPRegen 0.13/turn               (no ring)
MPRegen 0.08/turn               (no ring)

@: about to teleport, on berserk cooldown, slowed, very slow
A: horns 2, retaliatory headbutt
a: Renounce Religion, Berserk, Trog's Hand


You were on level 3 of the Dungeon.
You worshipped Trog.
Trog was pleased with you.
You visited 1 branch of the dungeon, and saw 3 of its levels.

You collected 178 gold pieces.

Inventory:

Hand Weapons
 a - a +0 hand axe
 j - a +3 hand axe of venom (weapon)
 n - a +2 dagger of venom
Missiles
 h - 3 poisoned darts (quivered)
 l - 4 atropa-tipped darts
Armour
 b - a +0 animal skin
 i - a +0 leather armour
 k - a +2 pair of gloves (worn)
 p - a +0 ring mail
 q - a +0 chain mail (worn)
Scrolls
 d - a scroll of poison {unknown}
 o - a scroll of immolation {unknown}
 r - a scroll of blinking {unknown}
Potions
 c - a potion of haste {unknown}
 f - a potion of attraction {unknown}


   Skills:
 + Level 4.4 Fighting
 + Level 5.3 Axes
 + Level 2.9 Armour
 + Level 2.8 Dodging
 + Level 0.4 Stealth


You had 3 spell levels left.
You didn't know any spells.
Your spell library was empty.

Dungeon Overview and Level Annotations

Branches:
Dungeon (3/15)

Altars:

Annotations:
D:3 Grinder


Innate Abilities, Weirdness & Mutations

You have a pair of horns on your head.
You reflexively headbutt those who attack you in melee.


Message History

You barely miss Grinder.
Grinder is heavily wounded.
Grinder hits you.
You barely miss Grinder. Your headbutt misses Grinder.
Grinder is heavily wounded.
Grinder blinks!
A red film seems to cover your vision as you go berserk!
You feel yourself moving faster!
You feel mighty!
You feel a strong urge to attack something.
Grinder hits you but does no damage.
You closely miss Grinder.
Grinder is heavily wounded.
Grinder closely misses you.
You closely miss Grinder. Your headbutt misses Grinder.
Grinder is heavily wounded.
You closely miss Grinder.
Grinder is heavily wounded.
Grinder blinks!
You feel a strong urge to attack something.
You are no longer berserk.
You are exhausted.
You feel yourself slow down. Grinder gestures at you.
You suddenly lose the ability to move!
Grinder hits you.
You writhe in agony.
Grinder hits you.
You writhe in agony.
* * * LOW HITPOINT WARNING * * *
You can move again.
As you read the scroll labelled DITEATI RYSAT, it crumbles to dust.
You feel aware of your surroundings.
You sensed 1 altar.
It was a scroll of magic mapping.
Grinder completely misses you. x2
As you read the scroll labelled QUXKIA FEXA, it crumbles to dust.
You feel strangely unstable.
It was a scroll of teleportation.
Grinder barely misses you.
As you read the scroll labelled TOASICV XIFIO, it crumbles to dust.
It is a scroll of enchant weapon.
Your +2 hand axe of venom glows red for a moment.
Grinder gestures at you. Pain shoots through your body!
You die...

,,,,,,,,*,**,,,..# #.#
#.#*,*,* *****,*,*,*****#.#
#.# #.#*,*.# ,,,,,,,,*,* #.#
##.###.##.... ****,,*,*,***
#.# #............
***,**>,,,,* #.#
#..###.####.#
*,,,**,*.#.####.####..###.#
*,,*
*,,,**,,..................#
*,**
*,,,**,*,#.####.##)...#####
*,* *,,,**,,,,,* #@##.#.##
*** *,,,**,*,*** #5##.#.#
**,,,**,*,* #......#
,,,,,,,,*,* #......# ****
**,,,****,*****#.##..##*****
*,,,
,,,,,****,,,,,,..##...,,,,,*
*,,,
***,,,,,,,**,,,###*,##******
*,,, **,,,,,,,,,,,****,*
**** ******,**,,,<,,,<**


You could see Grinder (strong).

Vanquished Creatures
  4 gnolls
  An adder (D:2)
  A dart slug (D:1)
  6 ball pythons
  6 endoplasms
  3 giant cockroaches
  7 goblins
  6 hobgoblins
  3 jackals (D:1)
  A quokka (D:2)
  10 bats
  2 frilled lizards
  6 kobolds
  5 rats
61 creatures vanquished.

Notes
Turn   | Place    | Note
-------+----------+-------------------------------------------
     0 | D:1      | kingsuperguy the Minotaur Berserker began the quest for the
                  | Orb.
     0 | D:1      | Reached XP level 1. HP: 19/19 MP: 0/0
    30 | D:1      | Reached XP level 2. HP: 10/27 MP: 1/1
   370 | D:1      | Reached skill level 4 in Axes
   967 | D:1      | Reached XP level 3. HP: 32/33 MP: 2/2
  1875 | D:2      | Reached skill level 5 in Axes
  1889 | D:2      | Reached XP level 4. HP: 41/41 MP: 3/3
  1937 | D:2      | Found a faded altar of an unknown god.
  2548 | D:3      | Reached ** piety under Trog
  2953 | D:3      | Noticed Grinder
  2973 | D:3      | Paralysed by Grinder for 2 turns
  2978 | D:3      | Killed from afar by Grinder

Illustrated notes

Levels and vault maps discovered:
D:1:      nicolae_arrival_somewhat_less_tricky_arrival, layout_loops_ring
D:2:      layout_loops_corners, hellmonk_ecumenical_altar_arch_garden,
          roderic_filled_cross, chequers_hall_statues_corner_a
D:3:      cheibrodos_helix_gallery, layout_loops_ring, chei_slow_surprise,
          kennysheep_doodads, uniq_grinder, uniq_crazy_yiuf_cottage

Skill      XL: |  1  2  3 |
---------------+----------+-----
Fighting       | 4 |  4.4
Axes           | 4 5 |  5.3
Armour         | |  2.9
Dodging        | |  2.8
Stealth        | |  0.4

Action                   |  1- 3 |  4- 6 || total
-------------------------+-------+-------++-------
Melee: Hand axe          |    96 |    40 ||   136
       Headbutt          |    11 |     5 ||    16
       Punch             |     1 |       ||     1
Invok: Berserk           |     1 |     2 ||     3
  Use: Scroll            |       |     3 ||     3
Armor: Animal skin       |    28 |       ||    28
       Leather armour    |     8 |     2 ||    10
       Chain mail        |       |     8 ||     8
       Ring mail         |       |     4 ||     4
Dodge: Dodged            |    66 |    23 ||    89
